 Dungeon Crawl Stone Soup version 0.30-a0-474-g5673dd7ce6 (webtiles) character file.

Game seed: 198405462938592747

2185 M4edhros the Insei (level 9, -9/59 HPs)
             Began as an Octopode Artificer on Dec 20, 2022.
             Was a Plaything of Xom.
             Mangled by a vampire
             ... wielding a +0 vampiric halberd
              (13 damage)
             ... in a bailey.
             The game lasted 00:13:48 (2563 turns).

M4edhros the Insei (Octopode Artificer)             Turns: 2563, Time: 00:13:49

Health: -9/59      AC:  3    Str: 14 (15) XL:     9   Next: 33%
Magic:  9/9        EV: 15    Int: 12 (13) God:    Xom [.*....]
Gold:   87         SH:  0    Dex: 12 (15) Spells: 8/8 levels left

rFire   . . .      SeeInvis .      - Unarmed
rCold   + . .      Faith    .    (no shield)
rNeg    . . .      Spirit   .    (helmet restricted)
rPois   .          Reflect  .    (no amulet)
rElec   .          Harm     .    (no ring)
rCorr   .          Rampage  .    (no ring)
Will    .....                    (no ring)
Stlth   ++++......               (no ring)
HPRegen 0.29/turn                (no ring)
MPRegen 0.11/turn                (no ring)
                                 (no ring)
                                 (no ring)

@: attractive, studying Unarmed Combat
A: almost no armour, amphibious, 8 rings, camouflage 1, gelatinous body 1,
(nimble swimmer 1), tentacles, iridescent scales 1, cold resistance 1, strong 1
a: Renounce Religion


You were in a bailey.
You worshipped Xom.
You were a plaything of Xom.
You visited 2 branches of the dungeon, and saw 8 of its levels.
You also visited: Sewer and Bailey.

You collected 87 gold pieces.

Inventory:

Hand Weapons
 q - a +0 sling
 t - the +2 trident "Qimiz" {freeze, rElec rF++ rCorr MP-9}
   (You found it on level 7 of the Dungeon)

   It freezes those it strikes, dealing additional cold damage.
   It can also slow down cold-blooded creatures.
   rF:        It greatly protects you from fire.
   rElec:     It insulates you from electricity.
   MP:        It affects your magic capacity (-9).
   rCorr:     It protects you from acid and corrosion.
Missiles
 p - 13 poisoned darts
Wands
 b - a wand of flame (4) (quivered)
 c - a wand of charming (13)
 d - a wand of iceblast (3)
 u - a wand of quicksilver (8)
Scrolls
 e - 2 scrolls of amnesia {unknown}
 f - 2 scrolls of brand weapon {unknown}
 g - a scroll of noise {unknown}
 j - a scroll of magic mapping {unknown}
 l - a scroll of blinking {unknown}
 m - a scroll of silence {unknown}
 r - a scroll of fog {unknown}
Potions
 a - 2 potions of might
 i - 2 potions of flight
 k - 2 potions of curing {unknown}
 o - 2 potions of mutation {unknown}


   Skills:
 + Level 4.5 Fighting
 * Level 6.8 Dodging
 + Level 6.5 Stealth
 * Level 7.7 Unarmed Combat
 + Level 6.0 Evocations


You had 8 spell levels left.
You didn't know any spells.
Your spell library contained the following spells:

 Spells                   Type           Power      Damage    Failure   Level
 Shock                    Conj/Air       0%         1d3       32%         1
 Cigotuvi's Dreadful Rot  Necr/Pois/Air  0%         N/A       45%         2
 Poisonous Vapours        Pois/Air       0%         N/A       45%         2
 Ignite Poison            Fire/Tmut/Pois 0%         N/A       69%         3
 Mephitic Cloud           Conj/Pois/Air  0%         N/A       69%         3
 Swiftness                Air            0%         N/A       69%         3
 Airstrike                Air            0%         2d(0-16)  97%         4
 Sticky Flame             Conj/Fire      0%         2d3       97%         4
 Ignition                 Fire           0%         3d3       100%        8


Dungeon Overview and Level Annotations

Branches:
Dungeon (7/15)             Temple (1/1) D:5           Sewer (visited)
 Bailey (1/1)

Altars:
Ashenzari
Dithmenos
Elyvilon
Fedhas
Gozag
Kikubaaqudgha
Qazlal
Ru
Sif Muna
Trog
Uskayaw
Vehumet
Wu Jian
Xom
Yredelemnul
The Shining One


Innate Abilities, Weirdness & Mutations

You cannot wear most types of armour.
You are amphibious.
You can wear up to eight rings at the same time.
Your skin changes colour to match your surroundings (Stealth+).
Your rubbery body absorbs attacks. (AC +1, EV +1)
((You are camouflaged when in or above water. (Stealth+)))
You have tentacles for arms and can constrict up to eight enemies at once.
You are partially covered in iridescent scales. (AC +2)
Your flesh is cold resistant. (rC+)
Your muscles are strong. (Str +4, Int/Dex -1)


Message History

There is a large open door here.
A vampire comes into view. It is wielding a +0 vampiric halberd.
Found a runed glaive.
The vampire points at you and mumbles some strange words.
You are confused.
Found a potion of heal wounds.
Found a long smoking staff.
Okay, then.
The vampire casts a spell.
The vampire flickers and vanishes!
Deactivating autopickup; reactivate with Ctrl-A.
You're too confused to move!
You hear some strange, mumbled words.
Something tries to affect you, but you resist.
It was a potion of attraction.
You feel attractive to monsters.
You feel less confused. Something is attracted toward you.
Okay, then.
Unknown command.
Aiming: Quicksilver Bolt
Press: ? - help, Shift-Dir - straight line, f - you Something hits you!!
Something bites you!
Something draws strength from your injuries!
Unknown command.
Unknown command.
You feel much better. Something hits you! Something bites you!
* * * LOW HITPOINT WARNING * * *
Something draws strength from your injuries!
Okay, then.
Aiming: Quicksilver Bolt
Press: ? - help, Shift-Dir - straight line, f - you Something hits you.
* * * LOW HITPOINT WARNING * * *
You emit a cloud of colourful smoke!
Something bites you!
* * * LOW HITPOINT WARNING * * *
Something draws strength from your injuries!
Unknown command.
Something hits you!
You die...

#### |!.## ## .)[##
#8 ..8# #.. #..# #..#
##..####### ####
#...##{..#8.... #.[#
#...@§.##..... #..#
##...§##...#######..#
###''##...##....8#..#
#.........#......#)##
#8...............#)).
#########....#...#...
#8.....##..##...+...
#.......####....+...
#........#...####...


There were no monsters in sight!

Vanquished Creatures
  A steam dragon (D:7)
  2 ice beasts
  2 black bears
  An ogre (D:4)
  A kobold brigand (D:6)
  3 bullfrogs (D:7)
  2 necrophages (D:5)
  A scorpion (D:4)
  3 wights (D:6)
  A howler monkey (D:5)
  4 wolf zombies (Bailey)
  9 vampire bats (Bailey)
  A jelly (D:5)
  2 hounds (D:5)
  3 orc priests (D:5)
  A gnoll bouda (D:6)
  An iguana (D:6)
  4 orc wizards (D:5)
  14 orc zombies (Bailey)
  3 adders
  3 river rats (Sewer)
  A shadow imp (D:6)
  An ufetubus (D:5)
  A worm (D:4)
  A dart slug (D:4)
  8 orcs (D:5)
  6 ball pythons
  2 endoplasms
  A giant cockroach (D:4)
  2 goblins (D:4)
  A quokka (D:4)
  9 frilled lizards (Sewer)
  13 rats
108 creatures vanquished.

Vanquished Creatures (collateral kills)
  An orc priest (D:5)
  An orc (D:6)
  2 orc zombies (Bailey)
4 creatures vanquished.

Vanquished Creatures (others)
  An endoplasm (D:4)
1 creature vanquished.

Grand Total: 113 creatures vanquished

Notes
Turn   | Place    | Note
-------+----------+-------------------------------------------
     0 | D:1      | M4edhros the Octopode Artificer began the quest for the
                  | Orb.
     0 | D:1      | Reached XP level 1. HP: 13/13 MP: 1/1
    87 | D:2      | Reached XP level 2. HP: 7/18 MP: 2/2
   195 | D:4      | Noticed an ogre
   198 | D:4      | Noticed a black bear
   205 | D:4      | Killed a black bear
   206 | D:4      | Reached skill level 2 in Unarmed Combat
   206 | D:4      | Reached XP level 3. HP: 24/24 MP: 3/3
   206 | D:4      | Reached XP level 4. HP: 29/29 MP: 4/4
   209 | D:4      | Killed an ogre
   210 | D:4      | Reached XP level 5. HP: 34/34 MP: 5/5
   250 | D:4      | Found a glowing drain.
   254 | Sewer    | Entered a sewer
   383 | Sewer    | Reached XP level 6. HP: 13/39 MP: 6/6
   806 | Sewer    | Reached skill level 3 in Unarmed Combat
   994 | D:5      | Entered Level 5 of the Dungeon
  1103 | D:5      | Found a staircase to the Ecumenical Temple.
  1113 | Temple   | Entered the Ecumenical Temple
  1122 | Temple   | Became a worshipper of Xom of Chaos
  1163 | D:5      | Reached XP level 7. HP: 45/45 MP: 7/7
  1226 | D:5      | XOM: divination: magic mapping
  1279 | D:5      | XOM: butterfly on damage
  1422 | D:5      | XOM: give mutations
  1422 | D:5      | Gained mutation: Your muscles are strong. (Str +4, Int/Dex
                  | -1) [Xom's grace]
  1422 | D:5      | Gained mutation: You are partially covered in iridescent
                  | scales. (AC +2) [Xom's grace]
  1422 | D:5      | Gained mutation: Your flesh is cold resistant. (rC+) [Xom's
                  | grace]
  1430 | D:5      | XOM: fog
  1480 | D:5      | Reached skill level 4 in Unarmed Combat
  1517 | D:5      | XOM: noise
  1518 | D:5      | XOM: enchant monster (good)
  1523 | D:5      | Reached skill level 5 in Dodging
  1525 | D:5      | Reached XP level 8. HP: 33/52 MP: 8/8
  1570 | D:6      | XOM: noise
  1580 | D:6      | Noticed a cyclops
  1586 | D:6      | Reached skill level 5 in Evocations
  1657 | D:6      | XOM: enchant monster (bad)
  1686 | D:6      | Found a shadowy altar of Dithmenos.
  1845 | D:6      | Reached skill level 5 in Stealth
  1845 | D:6      | Reached skill level 5 in Unarmed Combat
  1963 | D:6      | XOM: 1-stop teleportation journey
  2018 | D:7      | XOM: enchant monster (bad)
  2054 | D:7      | Reached skill level 6 in Unarmed Combat
  2068 | D:7      | Identified the +2 trident "Qimiz" {freeze, rElec rF++ rCorr
                  | MP-9}
  2109 | D:7      | Found a flagged portal.
  2115 | D:7      | XOM: chaos cloud
  2121 | D:7      | Paralysed by you for 2 turns
  2133 | Bailey   | Entered a bailey
  2168 | Bailey   | Reached XP level 9. HP: 25/58 MP: 9/9
  2372 | Bailey   | XOM: noise
  2381 | Bailey   | Reached skill level 7 in Unarmed Combat
  2507 | Bailey   | Noticed a gargoyle
  2562 | Bailey   | XOM: smoke on damage
  2563 | Bailey   | Mangled by a vampire

Illustrated notes

Levels and vault maps discovered:
D:1:      lightli_arrival_statue_moat, layout_basic, serial_forest,
          infiniplex_forest_lined_room_, infiniplex_forest_corner_2,
          infiniplex_forest_lined_corner, infiniplex_forest_clump_tiny,
          infiniplex_forest_end_2
D:2:      cheibrodos_greedy_goblins, layout_basic,
          shapermc_ecumenical_altar_notcrosses, nrook_loot_triangle,
          uniq_sigmund
D:3:      layout_loops_corners, mainiacjoe_overflow_tiny_flanked,
          minmay_misc_feat_four_crosses, minmay_misc_feat_square
D:4:      layout_loops_ring, gup_sewer_entry_bowl, serial_glass,
          glass_columns_b, glass_columns_a, glass_columns_a, glass_columns_a,
          item_on_display_a, due_unseen_surprise, feat_on_display,
          enter_ossuary_5
D:5:      layout_loops_ring, okawaru_trees_1, worldfamousw_hep_ancestral_shrine,
          minmay_temple_entry_antechambers
D:6:      layout_gridville, grunt_dithmenos_shadows, minmay_manual_monstrance
D:7:      layout_gridville, enter_bailey_6, uniq_duvessa
Temple:   hellmonk_temple_of_storms
Bailey:   bailey_polearm_vampire_castle_hellmonk, bailey

Skill      XL: |  1  2  3  4  5  6  7  8  9 |
---------------+----------------------------+-----
Dodging        | 3 4 5 6 |  6.8
Stealth        | 2 3 4 5 6 |  6.5
Unarmed Combat | 2 3 4 6 7 |  7.7
Fighting       | 2 3 4 |  4.5
Evocations     | 4 5 6 |  6.0

Action                   |  1- 3 |  4- 6 |  7- 9 || total
-------------------------+-------+-------+-------++-------
Melee: Unarmed           |    11 |   111 |   147 ||   269
       Tentacles         |     3 |    28 |    38 ||    69
       Constrict         |     2 |    27 |    39 ||    68
       Punch             |       |     2 |    13 ||    15
 Fire: Sling             |       |       |    45 ||    45
Evoke: Wand              |     6 |     7 |    22 ||    35
  Use: Potion            |       |       |     7 ||     7
 Stab: Sleeping          |     1 |    15 |     4 ||    20
       Distracted        |     1 |       |     1 ||     2
Armor: Skin              |       |     7 |    21 ||    28
Dodge: Dodged            |     9 |    56 |   128 ||   193

Table legend: (Time is in decaauts)
 A = Elapsed time spent in this place.
 B = Non-inter-level travel time spent in this place.
 C = Inter-level travel time spent in this place.
 D = Time resting spent in this place.
 E = Time spent auto-exploring this place.
 F = Levels seen in this place.
 G = Mean time per level.
                   A        B        C        D        E       F      G
               +--------+--------+--------+--------+--------+-----+--------+
         Total |   2547 |   2506 |     41 |    112 |    674 |  10 |  254.7 |
       Dungeon |   1464 |   1432 |     32 |     30 |    390 |   7 |  209.1 |
        Temple |     44 |     35 |      9 |      0 |      0 |   1 |   44.0 |
         Sewer |    609 |    609 |      0 |     82 |    284 |   1 |  609.0 |
        Bailey |    429 |    429 |      0 |      0 |      0 |   1 |  429.0 |
               +--------+--------+--------+--------+--------+-----+--------+

Top non-repeatable levels by time:
   Sewer: 609 daAuts
     D:5: 521 daAuts
  Bailey: 429 daAuts
     D:6: 414 daAuts
     D:4: 197 daAuts
     D:7: 149 daAuts
     D:3: 86 daAuts
     D:1: 66 daAuts
  Temple: 44 daAuts
     D:2: 28 daAuts
